[Event "Titled Tuesday Blitz February 28 Late 2023"]
[White "Karttunen, Mika"]
[Black "Plotkin, Victor"]
[WhiteFideId "502081"]
[BlackFideId "2606674"]
[WhiteElo "2396"]
[BlackElo "2214"]
[Result "1-0"]
[Round "05"]
[TimeControl "180+2"]
[Date "2023.02.28"]
[WhiteClock "0:00:30"]
[BlackClock "0:00:12"]

1. d4 d5 2. c4 e6 3. Nc3 Nf6 4. cxd5 Nxd5 5. e4 Nxc3 6. bxc3 c5 7. Nf3 cxd4 8. cxd4 Nc6 9. Bc4 Bb4+ 10. Bd2 Qa5 11. d5 Bxd2+ 12. Qxd2 Qxd2+ 13. Kxd2 Na5 14. Rac1 Nxc4+ 15. Rxc4 exd5 16. exd5 O-O 17. Rhc1 Rd8 18. Ke3 Bf5 19. g4 Bd7 20. Ne5 f6 21. Nxd7 Rxd7 22. Rc8+ Rxc8 23. Rxc8+ Kf7 24. Kd4 b6 25. f4 g6 26. f5 gxf5 27. gxf5 Ke7 28. Rh8 Kd6 29. Rf8 Ke7 30. Rc8 Kd6 31. Rc6+ Ke7 32. Re6+ Kf7 33. d6 Rd8 34. Kd5 Rc8 35. d7 Rc5+ 36. Kd6 1-0


[Site "https://www.chess.com"]

[Event "Titled Tuesday Blitz February 28 Late 2023"]
[White "Di Nicolantonio, Lucas"]
[Black "Sreyas Payyappat"]
[WhiteFideId "680460"]
[BlackFideId "46674969"]
[WhiteElo "2358"]
[BlackElo "2083"]
[Result "1-0"]
[Round "05"]
[TimeControl "180+2"]
[Date "2023.02.28"]
[WhiteClock "0:00:14"]
[BlackClock "0:00:07"]

1. Nf3 Nf6 2. c4 c5 3. Nc3 g6 4. e3 Nc6 5. d4 cxd4 6. exd4 d5 7. cxd5 Nxd5 8. Qb3 Nxc3 9. Bc4 e6 10. bxc3 Bg7 11. Ba3 Bf8 12. O-O Na5 13. Bb5+ Bd7 14. Qa4 Bxa3 15. Bxd7+ Qxd7 16. Qxa3 Nc6 17. Rab1 f6 18. Nd2 Kf7 19. Ne4 b6 20. Rfe1 Rhd8 21. Re3 Kg7 22. Rbe1 Rac8 23. Rf3 Rf8 24. h4 Na5 25. Qd6 Rcd8 26. Qf4 Nc4 27. h5 g5 28. h6+ Kg6 29. Qg3 Nd6 30. Rxf6+ Rxf6 31. Qxg5+ Kf7 32. Qg7+ Ke8 33. Nxf6# 1-0


[Site "https://www.chess.com"]

[Event "Titled Tuesday Blitz February 28 Late 2023"]
[White "Ramirez Allo, Eduardo"]
[Black "Gascon Del Nogal, Jose Rafael"]
[WhiteFideId "2224178"]
[BlackFideId "3902463"]
[WhiteElo "2447"]
[BlackElo "2473"]
[Result "1-0"]
[Round "05"]
[TimeControl "180+2"]
[Date "2023.02.28"]
[WhiteClock "0:00:04"]
[BlackClock "0:00:05"]

1. Nf3 d5 2. c4 e6 3. d4 h6 4. g3 Nf6 5. Bg2 Bd6 6. O-O O-O 7. Qc2 b6 8. cxd5 exd5 9. Nc3 Bb7 10. Nb5 Nc6 11. Nxd6 cxd6 12. Qa4 Re8 13. e3 a5 14. Bd2 Qd7 15. Rfc1 Rec8 16. Rc2 Ba6 17. Rac1 Bc4 18. Be1 b5 19. Qa3 Ne4 20. Nd2 Nxd2 21. Rxd2 b4 22. Qa4 Qb7 23. Bf1 Bxf1 24. Kxf1 Ne7 25. Rdc2 Rxc2 26. Rxc2 Rc8 27. Rxc8+ Qxc8 28. b3 Qa6+ 29. Kg2 Nc6 30. a3 bxa3 31. Qxa3 Qe2 32. Qxd6 Qxe1 33. Qxc6 Qd1 34. Qxd5 Qc2 35. Qd8+ Kh7 36. Qxa5 Qe4+ 37. Kg1 Qb1+ 38. Kg2 Qe4+ 39. f3 Qc2+ 40. Kf1 Qd1+ 41. Kf2 Qc2+ 42. Ke1 Qc1+ 43. Ke2 Qc2+ 44. Qd2 Qxb3 45. Qd3+ 1-0


[Site "https://www.chess.com"]

[Event "Titled Tuesday Blitz February 28 Late 2023"]
[White "Rego, Pedro Filipe"]
[Black "Yurovskykh, Oleksandr"]
[WhiteFideId "1904310"]
[BlackFideId "14134020"]
[WhiteElo "2193"]
[BlackElo "2268"]
[Result "0-1"]
[Round "05"]
[TimeControl "180+2"]
[Date "2023.02.28"]
[WhiteClock "0:00:18"]
[BlackClock "0:00:15"]

1. c4 c6 2. d4 d5 3. Nf3 Nf6 4. e3 Bf5 5. Qb3 Qb6 6. c5 Qc7 7. Nc3 Nbd7 8. Be2 e6 9. Nh4 Bg4 10. Bxg4 Nxg4 11. h3 Ngf6 12. f4 Be7 13. Nf3 O-O 14. O-O b6 15. cxb6 axb6 16. Ne5 c5 17. Nb5 Qb7 18. Bd2 Ne4 19. Be1 f6 20. Nxd7 Qxd7 21. Nc3 c4 22. Qc2 f5 23. Nxe4 fxe4 24. a3 b5 25. Bc3 g6 26. Qd2 Ra4 27. g4 Bd6 28. Kg2 Qe7 29. g5 h5 30. gxh6 Kh7 31. Kh2 g5 32. Rg1 gxf4 33. Rg7+ Qxg7 34. hxg7 fxe3+ 35. Kg1 exd2 36. gxf8=N+ Bxf8 37. Bxd2 b4 38. Rf1 bxa3 39. bxa3 Bxa3 40. Rf6 Bb2 41. Be3 c3 42. Rf2 e5 43. Kg2 exd4 44. Bxd4 Rxd4 0-1


[Site "https://www.chess.com"]

[Event "Titled Tuesday Blitz February 28 Late 2023"]
[White "Dzierzak, Radoslaw"]
[Black "Cilek, Bora"]
[WhiteFideId "1161407"]
[BlackFideId "34502165"]
[WhiteElo "2166"]
[BlackElo "2108"]
[Result "0-1"]
[Round "05"]
[TimeControl "180+2"]
[Date "2023.02.28"]
[WhiteClock "0:00:03"]
[BlackClock "0:00:31"]

1. e4 c5 2. Nf3 g6 3. Bc4 Bg7 4. O-O Nc6 5. c3 d6 6. h3 Nf6 7. Re1 O-O 8. Bb3 Rb8 9. d4 cxd4 10. cxd4 b5 11. Bf4 Bb7 12. e5 Nh5 13. Bh2 dxe5 14. dxe5 Qxd1 15. Rxd1 Rfd8 16. Nc3 b4 17. Nb5 a6 18. Nbd4 Bh6 19. e6 f5 20. Nxc6 Bxc6 21. Bxb8 Rxb8 22. Ne5 Bb5 23. Bc4 Bxc4 24. Nxc4 Nf4 25. Rd7 Bg5 26. Re1 Rc8 27. b3 Bf6 28. g3 Nxh3+ 29. Kg2 Ng5 30. Red1 Nxe6 31. Nb6 Rc2 32. R1d2 Rc1 33. Nd5 Kf7 34. Nxb4 Nc5 35. Rc7 Nxb3 36. Rxc1 Nxd2 37. Rc7 a5 38. Nc6 a4 39. Ra7 Ke6 40. Rxa4 Kd5 41. Nb4+ Kc4 42. Nc6+ Kb5 43. Ra8 Kxc6 44. Rd8 Ne4 45. a4 Nc5 46. a5 Kb5 47. Rc8 Na6 0-1


[Site "https://www.chess.com"]

[Event "Titled Tuesday Blitz February 28 Late 2023"]
[White "Klenburg, Michael"]
[Black "Jovic, Stanoje"]
[WhiteFideId "14102072"]
[BlackFideId "905020"]
[WhiteElo "2396"]
[BlackElo "2236"]
[Result "0-1"]
[Round "05"]
[TimeControl "180+2"]
[Date "2023.02.28"]
[WhiteClock "0:00:07"]
[BlackClock "0:00:27"]

1. e4 c6 2. d3 d5 3. Nd2 g6 4. Ngf3 Bg4 5. h3 Bxf3 6. Qxf3 Bg7 7. g3 Nf6 8. Bg2 O-O 9. O-O a5 10. Qe2 a4 11. a3 e5 12. Nf3 Nfd7 13. Bd2 Na6 14. Bc3 Re8 15. Rfe1 b5 16. Bd2 d4 17. Nh2 c5 18. f4 Rc8 19. Nf3 c4 20. Bc1 Nac5 21. Nd2 c3 22. Nf3 cxb2 23. Bxb2 Qa5 24. fxe5 Nxe5 25. Nxd4 Rcd8 26. Rab1 Nexd3 27. cxd3 Bxd4+ 28. Bxd4 Rxd4 29. Red1 Red8 30. e5 Qb6 31. Kh2 Rxd3 32. Rxd3 Rxd3 33. Qb2 Rb3 34. Qc1 b4 35. axb4 Qxb4 36. Ra1 a3 37. Qg5 Ne6 38. Qf6 Qc3 39. Rf1 Qxg3+ 40. Kh1 Ng5 41. Qd8+ Kg7 42. Qf6+ Kh6 43. e6 fxe6 44. Qf8+ Kh5 45. Qg7 a2 46. Qf6 Rb1 0-1


[Site "https://www.chess.com"]

[Event "Titled Tuesday Blitz February 28 Late 2023"]
[White "Prem, Pranav"]
[Black "Slade, Theodore"]
[WhiteFideId "30901057"]
[BlackFideId "426547"]
[WhiteElo "1970"]
[BlackElo "1964"]
[Result "1-0"]
[Round "05"]
[TimeControl "180+2"]
[Date "2023.02.28"]
[WhiteClock "0:01:09"]
[BlackClock "0:01:10"]

1. d4 d5 2. c4 e6 3. Nc3 a6 4. cxd5 exd5 5. Nf3 c6 6. Qc2 Bd6 7. Bg5 Ne7 8. e3 f6 9. Bh4 Bf5 10. Qc1 O-O 11. Be2 Nd7 12. Bg3 Nc8 13. Nh4 Be6 14. Bd3 Bxg3 15. hxg3 Nd6 16. Qc2 f5 17. Nf3 Ne4 18. O-O-O c5 19. g4 fxg4 20. Nxe4 gxf3 21. Nxc5 Nxc5 22. Bxh7+ Kf7 23. Qg6+ Ke7 24. dxc5 fxg2 25. Qxg7+ Rf7 26. Qxg2 Qa5 27. Qg5+ Kd7 28. Rxd5+ Bxd5 29. Qxd5+ Ke7 30. Qd6+ Ke8 31. Bg6 Qd8 32. Rh8# 1-0


[Site "https://www.chess.com"]

[Event "Titled Tuesday Blitz February 28 Late 2023"]
[White "Jimenez Almeida, Luis David"]
[Black "Kovalevsky, Stanislav"]
[WhiteFideId "22242244"]
[BlackFideId "13508598"]
[WhiteElo "2245"]
[BlackElo "2220"]
[Result "0-1"]
[Round "05"]
[TimeControl "180+2"]
[Date "2023.02.28"]
[WhiteClock "0:00:01"]
[BlackClock "0:00:10"]

1. e4 e6 2. d4 d5 3. e5 c5 4. c3 Nc6 5. Nf3 f6 6. Bd3 cxd4 7. cxd4 fxe5 8. dxe5 g6 9. h4 Bg7 10. Qe2 Nge7 11. h5 Nb4 12. Bb5+ Bd7 13. Nc3 a6 14. h6 Bf8 15. Bxd7+ Qxd7 16. Bg5 O-O-O 17. O-O Kb8 18. Nd4 Nbc6 19. Nxc6+ Qxc6 20. Rac1 Qd7 21. Rfd1 Rc8 22. b4 Nf5 23. b5 a5 24. Ne4 Bxh6 25. Bxh6 Nxh6 26. Nd6 Rxc1 27. Rxc1 Nf5 28. Qd2 Nxd6 29. exd6 Qxd6 30. Qxa5 Rc8 31. Re1 b6 32. Qa6 Rc2 33. g3 e5 34. Re3 Qc5 35. Rf3 Rc1+ 36. Kg2 d4 37. a4 d3 38. Rxd3 Qc7 39. a5 bxa5 40. Qf6 Qb7+ 41. f3 Qxb5 42. Rd8+ Kb7 43. Qf7+ Rc7 44. Qe6 Qb2+ 45. Kh3 Qb6 46. Qd5+ Qc6 47. Qxa5 Rd7 48. Qa8+ Kb6 49. Rb8+ Kc5 50. Rc8 Rc7 51. Qa5+ Kd6 52. Qb4+ Qc5 53. Qd2+ Ke6 54. Rd8 Rf7 55. Qe2 Kf6 56. Re8 Qd6 57. Qe4 Qd7+ 58. g4 Qxe8 59. Qc6+ Qe6 60. Qc7 Qe7 61. Qc6+ Qe6 62. Qe4 Kg7 63. Qa8 Qf6 64. Kg3 Qf4+ 65. Kh4 Qxf3 66. Kg5 Qf4+ 67. Kh4 Qh2+ 68. Kg5 h6# 0-1


[Site "https://www.chess.com"]

[Event "Titled Tuesday Blitz February 28 Late 2023"]
[White "Tologon tegin, Semetei"]
[Black "Guzman Moneo, Alberto"]
[WhiteFideId "13800574"]
[BlackFideId "2209616"]
[WhiteElo "2247"]
[BlackElo "2157"]
[Result "1-0"]
[Round "05"]
[TimeControl "180+2"]
[Date "2023.02.28"]
[WhiteClock "0:00:43"]
[BlackClock "0:01:00"]

1. d4 Nf6 2. c4 c5 3. d5 b5 4. cxb5 a6 5. bxa6 g6 6. Nc3 Bxa6 7. Nf3 d6 8. g3 Bg7 9. Bg2 Nbd7 10. O-O Nb6 11. Re1 Bc4 12. e4 O-O 13. Qc2 Ng4 14. Bd2 Nd7 15. b3 Ba6 16. a4 Nge5 17. Nxe5 Nxe5 18. Rad1 Bd3 19. Qa2 Qb6 20. Bf4 Ba6 21. Bxe5 Bxe5 22. Qc2 Rfb8 23. Rb1 Qb4 24. Na2 Qa3 25. Bf1 Bxf1 26. Kxf1 Rb7 27. Nc3 Bxc3 28. Qxc3 Rxa4 29. bxa4 Qxc3 30. Rxb7 Qc4+ 31. Kg2 Kf8 32. Ra7 h5 33. h4 Qb4 34. Re3 Kg7 35. a5 Kf6 36. a6 Qb6 37. Rf3+ Kg7 38. Rxe7 Qxa6 39. Rfxf7+ Kg8 40. Rg7+ Kh8 41. Ra7 Qe2 42. Rge7 1-0


[Site "https://www.chess.com"]

[Event "Titled Tuesday Blitz February 28 Late 2023"]
[White "Escalante Ramirez, Rafael"]
[Black "Janaszak, Dawid"]
[WhiteFideId "3900177"]
[BlackFideId "1119206"]
[WhiteElo "2381"]
[BlackElo "2220"]
[Result "0-1"]
[Round "05"]
[TimeControl "180+2"]
[Date "2023.02.28"]
[WhiteClock "0:00:01"]
[BlackClock "0:01:29"]

1. Nf3 c5 2. e3 g6 3. d4 Bg7 4. Bd3 Nf6 5. O-O O-O 6. c4 cxd4 7. Nxd4 d5 8. cxd5 Nxd5 9. Be2 e5 10. Nb5 Nc6 11. N1c3 Nxc3 12. Nxc3 Qh4 13. Qa4 Qxa4 14. Nxa4 e4 15. Bd2 Ne5 16. Bc3 b6 17. Bd4 Bf5 18. Nc3 Rac8 19. Rac1 h5 20. Rfd1 Rfd8 21. Ba6 Rb8 22. Bxe5 Bxe5 23. Bb5 Rbc8 24. Be2 Kg7 25. Rxd8 Rxd8 0-1


[Site "https://www.chess.com"]

[Event "Titled Tuesday Blitz February 28 Late 2023"]
[White "Nefedov, Sergey"]
[Black "Figorito, Nick"]
[WhiteFideId "24113417"]
[BlackFideId "30923689"]
[WhiteElo "2227"]
[BlackElo "2381"]
[Result "1-0"]
[Round "05"]
[TimeControl "180+2"]
[Date "2023.02.28"]
[WhiteClock "0:01:38"]
[BlackClock "0:00:52"]

1. d4 Nf6 2. Nf3 g6 3. c4 Bg7 4. Nc3 d5 5. e3 O-O 6. Qb3 dxc4 7. Bxc4 Nc6 8. Be2 Na5 9. Qa4 c5 10. dxc5 Bd7 11. Qb4 Qc7 12. O-O Nc6 13. Qa3 a6 14. e4 Rfc8 15. Be3 e6 16. h3 Bf8 17. Rac1 Nh5 18. Rfd1 Be8 19. Na4 b5 20. cxb6 Bxa3 21. bxc7 Bf8 22. Nb6 1-0


[Site "https://www.chess.com"]

[Event "Titled Tuesday Blitz February 28 Late 2023"]
[White "Krishnan, Varun"]
[Black "Tyagi, Kushan"]
[WhiteFideId "5054508"]
[BlackFideId "2040069"]
[WhiteElo "2538"]
[BlackElo "2360"]
[Result "1-0"]
[Round "05"]
[TimeControl "180+2"]
[Date "2023.02.28"]
[WhiteClock "0:00:20"]
[BlackClock "0:00:01"]

1. e4 c5 2. Nf3 e6 3. d4 cxd4 4. Nxd4 a6 5. c4 Nf6 6. Nc3 Qc7 7. a3 b6 8. Be3 Bb7 9. f3 d6 10. Qd2 Nbd7 11. Be2 Be7 12. O-O Rc8 13. Rac1 O-O 14. Rfd1 Rfe8 15. Qe1 Qb8 16. Qg3 Bd8 17. Bg5 Kh8 18. Qh3 Ne5 19. b3 Be7 20. f4 Nc6 21. Nxc6 Bxc6 22. Bd3 e5 23. Nd5 Bxd5 24. exd5 e4 25. Bb1 Qc7 26. Qf5 Qd7 27. Bxe4 Qxf5 28. Bxf5 Rcd8 29. g3 g6 30. Bd3 Kg7 31. Re1 h6 32. Bh4 Ng8 33. Bxe7 Rxe7 34. Kf2 Rde8 35. Rxe7 Rxe7 36. Re1 Kf6 37. Rxe7 Kxe7 38. Ke3 a5 39. b4 axb4 40. axb4 Nf6 41. h3 Nd7 42. Kd4 Kd8 43. g4 Kc7 44. h4 Nf8 45. g5 hxg5 46. fxg5 1-0


[Site "https://www.chess.com"]

[Event "Titled Tuesday Blitz February 28 Late 2023"]
[White "Remolar Gallen, Jose"]
[Black "Lucassen, Mickey"]
[WhiteFideId "2215187"]
[BlackFideId "12919110"]
[WhiteElo "2223"]
[BlackElo "2362"]
[Result "1/2-1/2"]
[Round "05"]
[TimeControl "180+2"]
[Date "2023.02.28"]
[WhiteClock "0:00:14"]
[BlackClock "0:00:20"]

1. e4 c5 2. Nf3 d6 3. d4 cxd4 4. Nxd4 Nf6 5. Nc3 Nc6 6. Bg5 e6 7. Qd2 a6 8. O-O-O Bd7 9. f3 b5 10. Kb1 Be7 11. h4 h6 12. Be3 Ne5 13. g4 Rc8 14. a3 Qa5 15. Nd5 Qxd2 16. Nxf6+ Bxf6 17. Rxd2 Nc4 18. Bxc4 Rxc4 19. Rhd1 Bxh4 20. Nb3 Be7 21. Na5 Rc7 22. Bb6 Rc8 23. Nb7 Rc6 24. Nxd6+ Bxd6 25. Rxd6 Rxd6 26. Rxd6 Ke7 27. Bc5 Rc8 28. b4 Ke8 29. Rxa6 f6 30. Kb2 Bc6 31. Ra7 Bd7 32. Kc3 Rd8 33. Rc7 Ra8 34. Kb3 Kd8 35. Bb6 Ke8 36. f4 Ra6 37. Bc5 Kd8 38. Rb7 Kc8 39. Ra7 Rxa7 40. Bxa7 Kb7 41. Bc5 Bc6 42. Bf8 g5 43. fxg5 hxg5 44. Bg7 Bxe4 45. Bxf6 Bf3 46. Bxg5 Bxg4 47. Kc3 Bf3 48. Kd4 Bd5 49. Kc5 Bc4 50. a4 Ka6 51. a5 Ba2 52. Bf4 Bc4 53. Bc7 Bd5 54. Kd6 Bc4 55. Bb6 Ba2 56. Bc5 Bc4 57. Be3 Kb7 58. Ke5 Kc6 59. Kd4 Kb7 60. Kc5 Ka6 61. Kc6 Bd5+ 62. Kd6 Ba2 63. Bf2 Bc4 64. Be1 Ba2 65. Kc5 Bc4 66. Kc6 Ba2 67. Kd6 Bc4 68. Bd2 Ba2 69. Ke5 Bc4 70. Kd4 Ba2 71. Kc3 Bc4 72. Kb2 Bd5 73. Ka3 Bc4 74. Kb2 Bd5 75. Kc3 Bc4 76. Kd4 Ba2 77. Be3 Bd5 78. c3 Bc4 79. Kc5 Bd5 80. Kd6 Bc4 81. Kc5 Bd5 82. Kd6 Bc4 83. Kc5 1/2-1/2


[Site "https://www.chess.com"]

[Event "Titled Tuesday Blitz February 28 Late 2023"]
[White "Kostiukov, Alexandr"]
[Black "Taboas Rodriguez, Daniel"]
[WhiteFideId "14108100"]
[BlackFideId "2208466"]
[WhiteElo "2202"]
[BlackElo "2365"]
[Result "0-1"]
[Round "05"]
[TimeControl "180+2"]
[Date "2023.02.28"]
[WhiteClock "0:00:03"]
[BlackClock "0:00:32"]

1. g3 Nf6 2. Bg2 g6 3. c4 Bg7 4. Nf3 O-O 5. O-O b6 6. d4 Bb7 7. Nc3 Ne4 8. Bd2 e6 9. Nxe4 Bxe4 10. Bb4 Re8 11. Bc3 d5 12. cxd5 Qxd5 13. Ne1 Bxg2 14. Nxg2 Nc6 15. e3 Rad8 16. Nf4 Qd6 17. Qa4 e5 18. dxe5 Nxe5 19. Bxe5 Bxe5 20. Rfd1 b5 21. Qb3 Qa6 22. Nd5 c6 23. Nb4 Qb7 24. Rac1 Rxd1+ 25. Rxd1 c5 26. Nd5 c4 27. Qc2 Rd8 28. Qe4 Qb8 29. Ne7+ Kf8 30. Rxd8+ Qxd8 31. Nc6 Qd1+ 32. Kg2 Bxb2 33. Qe7+ Kg7 34. Nxa7 Bf6 35. Qb7 Qb1 36. Qxb5 Qxa2 37. Nc6 c3 38. Qc5 Qe6 39. Nd4 Bxd4 40. exd4 Qe4+ 41. Kg1 c2 42. d5 Qe1+ 43. Kg2 c1=Q 44. Qd4+ Kg8 45. d6 Qcd1 0-1


[Site "https://www.chess.com"]

[Event "Titled Tuesday Blitz February 28 Late 2023"]
[White "Lopez Del Alamo, Antonio"]
[Black "Ehlvest, Jaan"]
[WhiteFideId "2227339"]
[BlackFideId "4500016"]
[WhiteElo "2175"]
[BlackElo "2442"]
[Result "1-0"]
[Round "05"]
[TimeControl "180+2"]
[Date "2023.02.28"]
[WhiteClock "0:00:39"]
[BlackClock "0:01:07"]

1. e4 g6 2. d4 Bg7 3. c4 d6 4. Nc3 e5 5. d5 f5 6. exf5 gxf5 7. Qh5+ Kf8 8. Bg5 Nf6 9. Qh4 Nbd7 10. O-O-O a6 11. Kb1 b5 12. cxb5 axb5 13. Bxb5 h6 14. Bc1 Nc5 15. Nge2 Bd7 16. Bc4 Qb8 17. f3 Qb4 18. g3 e4 19. Bb3 Nxb3 20. axb3 Qxb3 21. Nd4 Qc4 22. Rhf1 e3 23. Ne6+ 1-0


[Site "https://www.chess.com"]

[Event "Titled Tuesday Blitz February 28 Late 2023"]
[White "Roberson, Peter T"]
[Black "Zampronha, Wladimir Camilo"]
[WhiteFideId "412384"]
[BlackFideId "2103087"]
[WhiteElo "2346"]
[BlackElo "2176"]
[Result "1/2-1/2"]
[Round "05"]
[TimeControl "180+2"]
[Date "2023.02.28"]
[WhiteClock "0:00:03"]
[BlackClock "0:00:10"]

1. d4 Nf6 2. Bf4 c5 3. e3 d5 4. Nd2 Nc6 5. Ngf3 e6 6. Bd3 Bd6 7. Bg3 O-O 8. c3 Qe7 9. Ne5 Nd7 10. Nxd7 Bxd7 11. Bxd6 Qxd6 12. dxc5 Qxc5 13. Bxh7+ Kxh7 14. Qh5+ Kg8 15. Ne4 Qc4 16. Ng5 Qd3 17. e4 Rfc8 18. Qxf7+ Kh8 19. Qh5+ Kg8 20. Rd1 Qb5 21. Qf7+ Kh8 22. Qh5+ Kg8 23. Qf7+ Kh8 24. Qxd7 dxe4 25. h4 Rd8 26. Nf7+ Kh7 27. Nxd8 Rxd8 28. Qxe6 Rxd1+ 29. Kxd1 Qxb2 30. Qxe4+ Kh8 31. Rh3 Qxa2 32. Rf3 Qa1+ 33. Kd2 Qa2+ 34. Qc2 Qd5+ 35. Ke1 Kg8 36. Kf1 Ne5 37. Re3 Ng4 38. Re8+ Kf7 39. Re4 Nf6 40. Re3 Qc4+ 41. Qd3 Qxh4 42. g3 Qh1+ 43. Ke2 Qh5+ 44. Kd2 Qh2 45. Qc4+ Kg6 46. Qd3+ Kf7 47. Rf3 Qh1 48. Ke2 Qh5 49. Qc4+ Kf8 50. Qc8+ Kf7 51. Qxb7+ Kg6 52. Ke3 Qc5+ 53. Ke2 Qc4+ 54. Ke1 a5 55. Re3 a4 56. Qb1+ Kf7 57. Qd3 Qb3 58. Kf1 a3 59. Qa6 Ng4 60. Rf3+ Kg8 61. Qa8+ Kh7 62. Qe4+ Kg8 63. Qxg4 a2 64. Qc8+ Kh7 65. Qh3+ Kg8 66. Qc8+ Kh7 67. Qf5+ Kg8 68. Qf8+ Kh7 69. Qf5+ Kg8 70. Qc8+ 1/2-1/2


[Site "https://www.chess.com"]

[Event "Titled Tuesday Blitz February 28 Late 2023"]
[White "Koc, Przemyslaw"]
[Black "Senft, Sean"]
[WhiteFideId "1109081"]
[BlackFideId "2044960"]
[WhiteElo "2161"]
[BlackElo "1989"]
[Result "1-0"]
[Round "05"]
[TimeControl "180+2"]
[Date "2023.02.28"]
[WhiteClock "0:01:19"]
[BlackClock "0:00:12"]

1. Nf3 d5 2. d4 Nf6 3. e3 c6 4. b3 Bf5 5. Bb2 e6 6. Nh4 Be4 7. f3 Bg6 8. g3 Bd6 9. Bg2 Nbd7 10. O-O Qc7 11. c4 Bxb1 12. Rxb1 g5 13. e4 gxh4 14. e5 hxg3 15. hxg3 Nxe5 16. dxe5 Bxe5 17. Bxe5 Qxe5 18. f4 Qh5 19. Qxh5 Nxh5 20. g4 Nf6 21. g5 Ne4 22. Bxe4 dxe4 23. Kf2 O-O-O 24. Rbd1 Rxd1 25. Rxd1 h6 26. Rh1 h5 27. Ke3 h4 28. Rh3 Kd7 29. Kxe4 Kd6 30. b4 b6 31. a4 a5 32. c5+ bxc5 33. bxa5 Kc7 34. Ke5 Kd7 35. Kf6 c4 36. Kxf7 c3 37. Rxc3 h3 38. Rc1 h2 39. Rh1 c5 40. g6 Rh4 41. f5 exf5 42. g7 Rg4 43. Rxh2 f4 44. Rf2 Kd6 45. a6 1-0


[Site "https://www.chess.com"]

[Event "Titled Tuesday Blitz February 28 Late 2023"]
[White "Wang, Alexander J"]
[Black "Martinez Reyes, Pedro Ramon"]
[WhiteFideId "30955270"]
[BlackFideId "3901807"]
[WhiteElo "2242"]
[BlackElo "2340"]
[Result "0-1"]
[Round "05"]
[TimeControl "180+2"]
[Date "2023.02.28"]
[WhiteClock "0:00:11"]
[BlackClock "0:01:20"]

1. e4 c6 2. d4 d5 3. f3 dxe4 4. fxe4 e5 5. Nf3 Bg4 6. Bc4 Nd7 7. c3 Ngf6 8. Bg5 Bd6 9. O-O O-O 10. Nbd2 Qc7 11. h3 Bh5 12. Bd3 Rae8 13. Qc2 h6 14. Bh4 exd4 15. cxd4 Bf4 16. e5 Nd5 17. Bf2 f6 18. Nc4 Bxf3 19. gxf3 fxe5 20. Bh7+ Kh8 21. Bg6 Re7 22. Bh4 N7f6 23. Qf5 exd4 24. Rae1 Ne3 25. Nxe3 Bxe3+ 26. Kg2 Qe5 27. Qd3 Nd5 28. Bg3 Nf4+ 29. Bxf4 Qxf4 30. Qc2 Re5 31. Kh1 Qg3 32. Rg1 Qxh3+ 33. Qh2 Qxh2+ 34. Kxh2 Rxf3 35. Kg2 Rf6 36. Bd3 Rg5+ 37. Kh3 Rxg1 38. Rxg1 Bxg1 39. a4 Be3 40. a5 b6 41. axb6 axb6 42. b4 c5 43. bxc5 bxc5 44. Kg4 g5 45. Kh5 Kg7 46. Be2 Rf4 47. Bg4 c4 48. Bf3 Rh4# 0-1


[Site "https://www.chess.com"]

[Event "Titled Tuesday Blitz February 28 Late 2023"]
[White "olga-belka"]
[Black "WindWhistler11"]
[WhiteElo "2213"]
[BlackElo "2529"]
[Result "0-1"]
[Round "05"]
[TimeControl "180+2"]
[Date "2023.02.28"]
[WhiteClock "0:01:34"]
[BlackClock "0:01:16"]

1. e4 e6 2. d4 d5 3. Nd2 Nc6 4. Ngf3 Nf6 5. e5 Nd7 6. c3 f6 7. exf6 Qxf6 8. Bd3 e5 9. dxe5 Ndxe5 10. Nxe5 Nxe5 11. Nf3 Nxf3+ 12. Qxf3 Qxf3 13. gxf3 Bd6 14. Be3 O-O 15. Ke2 Bd7 16. Rag1 Rae8 17. h4 c5 18. Kd2 Rxf3 19. h5 Bf4 20. h6 g6 21. Re1 Rxf2+ 0-1


[Site "https://www.chess.com"]

[Event "Titled Tuesday Blitz February 28 Late 2023"]
[White "Mendez Fortes, Eduardo Jesus"]
[Black "Dahlgren, James Allen"]
[WhiteFideId "3502376"]
[BlackFideId "22256873"]
[WhiteElo "2307"]
[BlackElo "2192"]
[Result "1-0"]
[Round "05"]
[TimeControl "180+2"]
[Date "2023.02.28"]
[WhiteClock "0:02:22"]
[BlackClock "0:00:47"]

1. e4 e6 2. d4 c5 3. Nd2 cxd4 4. Ngf3 Nc6 5. Nb3 e5 6. c3 dxc3 7. bxc3 Nf6 8. Bc4 Be7 9. O-O O-O 10. Re1 h6 11. h3 a6 12. a4 d6 13. a5 Be6 14. Bxe6 fxe6 15. Be3 Qd7 16. Nbd2 d5 17. Bb6 d4 18. Nc4 dxc3 19. Qc2 Nd4 20. Qxc3 Rac8 21. Nfxe5 Qb5 22. Qxd4 Bb4 23. Reb1 Rfd8 24. Bxd8 Rxd8 25. Qxd8+ 1-0


[Site "https://www.chess.com"]

[Event "Titled Tuesday Blitz February 28 Late 2023"]
[White "Martic, Ivan"]
[Black "Matsuura, Frederico"]
[WhiteFideId "929301"]
[BlackFideId "2107848"]
[WhiteElo "2360"]
[BlackElo "2302"]
[Result "1-0"]
[Round "05"]
[TimeControl "180+2"]
[Date "2023.02.28"]
[WhiteClock "0:01:03"]
[BlackClock "0:00:13"]

1. e4 e6 2. d4 d5 3. e5 c5 4. c3 Nc6 5. Nf3 Qb6 6. a3 c4 7. Nbd2 Na5 8. h4 Bd7 9. Qc2 Qc6 10. g3 h6 11. h5 Ne7 12. Bh3 Qa4 13. Qb1 Nb3 14. Nxb3 Qxb3 15. O-O Ba4 16. Bf4 Qc2 17. Qc1 Nc6 18. Ne1 Qh7 19. Qe3 Na5 20. g4 Be7 21. Bg3 Nb3 22. Rd1 Nc5 23. Rd2 Ne4 24. Re2 Bd1 25. Bh2 g6 26. Rd2 Nxd2 27. Qxd2 Ba4 28. Bg2 gxh5 29. gxh5 Rg8 30. Kh1 O-O-O 31. Qe2 Rg7 32. f4 Rdg8 33. f5 exf5 34. Bxd5 Kb8 35. e6+ Ka8 36. exf7 Rd8 37. Qxe7 1-0


[Site "https://www.chess.com"]

[Event "Titled Tuesday Blitz February 28 Late 2023"]
[White "Sadovsky, Artem"]
[Black "Marcolino, Daniel Mattos"]
[WhiteFideId "4155840"]
[BlackFideId "2106841"]
[WhiteElo "2314"]
[BlackElo "2129"]
[Result "1-0"]
[Round "05"]
[TimeControl "180+2"]
[Date "2023.02.28"]
[WhiteClock "0:00:54"]
[BlackClock "0:00:03"]

1. Nf3 Nf6 2. e3 d5 3. c4 e6 4. b3 Be7 5. Bb2 O-O 6. Be2 b6 7. O-O Bb7 8. d3 Nbd7 9. Nbd2 c5 10. Qc2 Rc8 11. Rad1 Rc7 12. Ne5 Qa8 13. Ndf3 Rd8 14. Qb1 Nxe5 15. Bxe5 Rcd7 16. Qb2 dxc4 17. bxc4 Ne8 18. a4 Bf6 19. a5 bxa5 20. Ra1 Bxf3 21. Bxf3 Qc8 22. Bxf6 Nxf6 23. Be2 Rb7 24. Qc3 Nd7 25. Rxa5 Qc7 26. Rfa1 Ne5 27. f4 Ng6 28. Bf3 Rb6 29. Rxa7 Qd6 30. Ra8 h6 31. Rxd8+ Qxd8 32. Ra8 Rb8 33. Rxb8 Qxb8 34. g3 Qb1+ 35. Kf2 Qa2+ 36. Kf1 Qxh2 37. Qe1 Qh3+ 38. Kf2 Qf5 39. Be4 Qg4 40. Qa5 h5 41. Qxc5 h4 42. Qc8+ Kh7 43. Bxg6+ Qxg6 44. gxh4 Qxd3 45. Qc5 Qd2+ 46. Kg3 Qe1+ 47. Kf3 Qf1+ 48. Ke4 Qg2+ 49. Ke5 Qg3 50. h5 Qg4 51. Kd6 Qf3 52. Qd4 f6 53. Kxe6 Qb7 54. Qd3+ Kh8 55. Qd8+ Kh7 56. Qd3+ Kh8 57. h6 Qc6+ 58. Kf7 gxh6 59. Qd8+ Kh7 60. Qg8# 1-0


[Site "https://www.chess.com"]

[Event "Titled Tuesday Blitz February 28 Late 2023"]
[White "Chemin, Justo Reinaldo"]
[Black "Papasimakopoulos, Alexandros"]
[WhiteFideId "2101580"]
[BlackFideId "4244125"]
[WhiteElo "1940"]
[BlackElo "2359"]
[Result "0-1"]
[Round "05"]
[TimeControl "180+2"]
[Date "2023.02.28"]
[WhiteClock "0:00:02"]
[BlackClock "0:00:15"]

1. e4 e6 2. d4 d5 3. exd5 exd5 4. Nf3 Bg4 5. c3 Nc6 6. Bb5 Bd6 7. O-O Ne7 8. Re1 O-O 9. h3 Bh5 10. Nbd2 a6 11. Be2 Qd7 12. Nf1 Rfe8 13. Ng3 Bg6 14. Bd3 Bxg3 15. fxg3 Nf5 16. g4 Ng3 17. Bxg6 hxg6 18. Bf4 Ne4 19. Qd3 f6 20. Re2 g5 21. Bh2 Na5 22. Rae1 Nc4 23. b3 Ncd6 24. c4 c6 25. c5 Nf7 26. Nd2 Nxd2 27. Qxd2 Kf8 28. Qd3 Rxe2 29. Rxe2 Re8 30. Kf1 Re7 31. Bg3 Qe8 32. Rxe7 Qxe7 33. h4 gxh4 34. Bxh4 g5 35. Bg3 Qe6 36. Qe2 Ke7 37. Qd1 Nh6 38. Bd6+ Kf7 39. Qd3 Kg7 40. b4 Nxg4 41. a3 Qe4 42. Qxe4 dxe4 43. a4 f5 44. b5 axb5 45. axb5 Kf7 0-1


[Site "https://www.chess.com"]